 Dungeon Crawl Stone Soup version 0.21.1-1-g345015f (webtiles) character file.

607 Mesmaeker13 the Skirmisher (level 7, -7/44 HPs)
             Began as a Gargoyle Monk on June 9, 2018.
             Mangled by Raikon's ghost (16 damage)
             ... on level 3 of the Dungeon.
             The game lasted 00:08:18 (4720 turns).

Mesmaeker13 the Skirmisher (Gargoyle Monk)          Turns: 4720, Time: 00:08:19

Health: -7/44      AC:  6    Str: 17    XL:     7   Next: 43%
Magic:  7/7        EV: 13    Int: 12    God:
Gold:   166        SH:  6    Dex: 12    Spells: 3/6 levels left

rFire    . . .     SeeInvis .   v - +1 flail
rCold    . . .     Gourm    .   i - +2 buckler
rNeg     + . .     Faith    .   b - +0 robe
rPois    ∞         Spirit   .   (no helmet)
rElec    +         Reflect  .   (no cloak)
rCorr    .         Harm     .   (no gloves)
MR       .....                  (no boots)
Stlth    ++........             (no amulet)
HPRegen  0.14/turn              (no ring)
MPRegen  0.10/turn              (no ring)

@: berserk cooldown, slowed, very slow
A: clever 1, negative energy resistance 1, sense surroundings 1, electricity
resistance, wild magic 1, unbreathing, petrification resistance, rot immunity,
AC +4
a: no special abilities


You were on level 3 of the Dungeon.
You were hungry.

You visited 1 branch of the dungeon, and saw 4 of its levels.

You collected 166 gold pieces.

Inventory:

Hand Weapons
 v - a +1 flail (weapon)
Missiles
 q - 17 poisoned needles
Armour
 b - a +0 robe (worn)
 i - a +2 buckler (worn)
Scrolls
 e - 2 scrolls of remove curse
 f - 3 scrolls of magic mapping
 g - a scroll of immolation {unknown}
 h - a scroll of amnesia
 j - a scroll of fog
 l - a scroll of random uselessness {unknown}
 n - a scroll of enchant weapon
 o - a scroll of noise {unknown}
 r - a scroll of identify {unknown}
 u - a scroll of teleportation
Potions
 k - a potion of mutation
 m - a potion of curing {unknown}
Books
 s - a book of Minor Magic

   Spells                             Type                      Level
   a - Magic Dart                     Conjuration                  1
   b - Blink                          Translocation                2
   c - Call Imp                       Summoning                    2
   d - Slow                           Hexes                        2
   e - Conjure Flame                  Conjuration/Fire             3
   f - Mephitic Cloud                 Conjuration/Poison/Air       3
 t - the Disquisition on the Mountains and Black Secrets
   (You found it on level 4 of the Dungeon)

   Spells                             Type                      Level
   a - Pain                           Necromancy                   1
   b - Sublimation of Blood           Necromancy                   2
   c - Bolt of Draining               Conjuration/Necromancy       5
   d - Borgnjor's Vile Clutch         Necromancy/Earth             5
   e - Statue Form                    Transmutation/Earth          6
Comestibles
 c - 2 rations


   Skills:
 + Level 5.5 Fighting
 + Level 5.0 Maces & Flails
 + Level 4.1 Dodging
 - Level 2.1 Stealth
 + Level 3.4 Shields


You had 3 spell levels left.
You knew the following spells:

 Your Spells              Type           Power        Failure   Level  Hunger
a - Mephitic Cloud        Conj/Pois/Air  #.......     78%         3    ####...


Dungeon Overview and Level Annotations

Branches:
Dungeon (4/15)
 Temple: D:4-7

Altars:
Fedhas

Annotations:
D:3 Raikon's ghost, amateur HOFi


Innate Abilities, Weirdness & Mutations

You are resistant to torment.
Your stone body is resilient. (AC +4)
You are immune to poison.
You resist negative energy. (rN+)
You are resistant to electric shocks. (rElec)
You can survive without breathing.
You are immune to petrification.
You are immune to rotting.
Your mind is acute. (Int +2)
You passively map a small area around you.
Your spells are a little harder to cast, but a little more powerful.


Message History

Your Maces & Flails skill increases to level 5!
Your Dodging skill increases to level 4!
You block the worker ant's attack. The ogre hits you with a giant club!
* * * LOW HITPOINT WARNING * * *
Unknown command.
The orc hits you with a dagger.
* * * LOW HITPOINT WARNING * * *
There is a stone staircase leading up here.
You feel a strong urge to attack something.
The orc closely misses you.
You climb upwards.
Level annotation: Raikon's ghost, amateur HOFi You are no longer berserk.
You are exhausted.
You feel yourself slow down.
Raikon's ghost says, "I'll split you in two!"
You block Raikon's ghost's attack.
There is a stone staircase leading down here.
Raikon's ghost hits you!
You die...

#.#.....# ##.#######.#### ##****
#.#....(# #........#.#... #.,,,*
#.#.....# #........#.#.## ##.##,*
#.#.....# #........#.#.# ,...#,*
#.#.....# #........#.#.#
,#..#.###.#.....###........#.#.#
,#..#.....'.....##...........#.##
,#..#####(#....o###.....###..#...
,#.....†.......W@................
,##.#####.#.###.###.....###......
,#....$...#.# #.# #..#### #.#####
,#..#####.#.# #.# #..# #.#####
,#..#***###.# #.###[.######.#...#
,#...,,,,,..# #..................
,##[#*****### #####.(######.#<#.#
,*#.# #..##.....###.#
,*#.#****##########..............


You could see Raikon's ghost and an orc.

Vanquished Creatures
  Grinder (D:3)
  A phantom (D:4)
  A howler monkey (D:4)
  A crimson imp (D:3)
  Natasha (thrice) (D:3)
  4 gnolls
  3 adders
  2 oozes (D:3)
  4 worms
  2 leopard geckos
  2 orcs (D:4)
  5 giant cockroaches
  12 goblins
  10 hobgoblins
  10 jackals
  10 kobolds
  4 quokkas
  3 ball pythons
  4 bats
  3 frilled lizards
  11 rats
96 creatures vanquished.

Notes
Turn   | Place    | Note
-------+----------+-------------------------------------------
     0 | D:1      | Mesmaeker13 the Gargoyle Monk began the quest for the Orb.
     0 | D:1      | Reached XP level 1. HP: 14/14 MP: 1/1
   134 | D:1      | Reached XP level 2. HP: 2/19 MP: 2/2
   690 | D:1      | Reached XP level 3. HP: 21/24 MP: 3/3
  2062 | D:2      | Reached XP level 4. HP: 28/29 MP: 4/4
  2503 | D:3      | Reached skill level 1 in Shields
  2549 | D:3      | Found a blossoming altar of Fedhas.
  2563 | D:3      | Reached XP level 5. HP: 28/34 MP: 5/5
  2618 | D:3      | Noticed Raikon's ghost (amateur HOFi)
  2648 | D:3      | Noticed Natasha
  2657 | D:3      | Killed Natasha
  3346 | D:3      | Noticed Natasha
  3355 | D:3      | Killed Natasha
  3868 | D:4      | Noticed Grinder
  3868 | D:4      | Noticed an ogre
  3870 | D:4      | Reached XP level 6. HP: 39/39 MP: 6/6
  3877 | D:3      | Paralysed by Grinder for 5 turns
  3887 | D:3      | Paralysed by Grinder for 5 turns
  3893 | D:3      | Killed Grinder
  3893 | D:3      | Reached skill level 5 in Fighting
  4246 | D:3      | Reached XP level 7. HP: 44/44 MP: 7/7
  4420 | D:4      | Identified the Disquisition on the Mountains and Black Secrets
  4444 | D:4      | Gained mutation: You passively map a small area around you. [potion of mutation]
  4444 | D:4      | Gained mutation: Your spells are a little harder to cast, but a little more powerful. [potion of mutation]
  4444 | D:4      | Gained mutation: Your mind is acute. (Int +2) [potion of mutation]
  4484 | D:3      | Noticed Natasha
  4493 | D:3      | Killed Natasha
  4614 | D:4      | Learned a level 3 spell: Mephitic Cloud
  4716 | D:4      | Reached skill level 5 in Maces & Flails
  4720 | D:3      | Mangled by Raikon's ghost

Skill      XL: |  1  2  3  4  5  6  7 |
---------------+----------------------+-----
Fighting       | 4 5 |  5.5
Dodging        | 3 4 |  4.1
Shields        | 1 2 3 |  3.4
Maces & Flails | 4 5 |  5.0
Stealth        | |  2.1

Action                   |  1- 3 |  4- 6 |  7- 9 || total
-------------------------+-------+-------+-------++-------
Melee: Mace              |   127 |   158 |    25 ||   310
       Flail             |       |       |    45 ||    45
  Use: Scroll            |     1 |     4 |     1 ||     6
       Potion            |       |     1 |     2 ||     3
 Stab: Sleeping          |     4 |     3 |     1 ||     8
  Eat: Chunk             |     4 |     7 |     1 ||    12
Armor: Robe              |    41 |    45 |    35 ||   121
Dodge: Dodged            |   103 |    70 |    77 ||   250
Block: Buckler           |     5 |    42 |    47 ||    94
